 Dungeon Crawl Stone Soup version 0.30-b1-2-g02819fbbbe (webtiles) character file.

Game seed: 2727371940609035361

90701 striepan the Warrior (level 16, -1/155 HPs)
             Began as a Hill Orc Monk on Jan 16, 2024.
             Was the Champion of Okawaru.
             Slain by a komodo dragon (21 damage)
             ... on level 5 of the Lair of Beasts on Jan 18, 2024.
             The game lasted 03:47:34 (20038 turns).

striepan the Warrior (Hill Orc Monk)               Turns: 20038, Time: 03:47:35

Health: -1/155     AC: 15    Str: 22    XL:     16   Next: 1%
Magic:  24/24      EV: 26    Int: 19    God:    Okawaru [******]
Gold:   1601       SH:  5    Dex: 26    Spells: 11/15 levels left

rFire   x . .        a - +6 great sword "Isoipucw" {flame, rC+ Will+ Int+3 Dex-4}
rCold   + + .        (shield currently unavailable)
rNeg    . . .        i - +0 steam dragon scales
rPois   +            o - +0 helmet {Int+3}
rElec   .            A - +0 cloak {rPois}
rCorr   .            V - +2 pair of gloves of Plasticity {Regen+ Dex+5 Slay-4}
SInv    .            w - +0 pair of boots
Will    ++...        h - amulet of reflection
Stlth   ++++         Z - +6 ring of dexterity
HPRegen 1.25/turn    M - ring "Plog" {Ice Str+6 Int+3}
MPRegen 0.19/turn

%: reflection
@: heroic
A: no striking features
a: Renounce Religion, Heroism, Finesse, Duel


You were on level 5 of the Lair of Beasts.
You worshipped Okawaru.
Okawaru was exalted by your worship.
You visited 3 branches of the dungeon, and saw 21 of its levels.
You also visited: Bailey, Ice Cave and Volcano.

You collected 1601 gold pieces.

Inventory:

Hand Weapons
 a - the +6 great sword "Isoipucw" (weapon) {flame, rC+ Will+ Int+3 Dex-4}
   (Okawaru gifted it to you on level 9 of the Dungeon)

   Int:       It affects your intelligence (+3).
   Dex:       It affects your dexterity (-4).
   rC:        It protects you from cold.
   Will:      It increases your willpower.
 b - the +6 arbalest "Damnation" {damnation}
   (Okawaru gifted it to you in an ice cave)
 j - a +1 antimagic falchion
Missiles
 d - 2 throwing nets
 k - 26 javelins (quivered)
 Y - 9 boomerangs
Armour
 i - +0 steam dragon scales (worn)
 o - a +0 helmet of intelligence (worn)
 w - a +0 pair of boots (worn)
 A - a +0 cloak of poison resistance (worn)
 J - a +2 helmet
 R - a +3 troll leather armour
 V - the +2 pair of gloves of Plasticity (worn) {Regen+ Dex+5 Slay-4}
   (You acquired it on level 4 of the Lair of Beasts)

   Dex:       It affects your dexterity (+5).
   Slay:      It affects your accuracy & damage with ranged weapons and melee
   (-4).
   Regen:     It increases your rate of health regeneration.
Jewellery
 h - an amulet of reflection (around neck)
 r - a ring of willpower
 t - an amulet of the acrobat
 v - an amulet of regeneration
 z - a +6 ring of intelligence
 H - a +6 ring of dexterity
 M - the ring "Plog" (right hand) {Ice Str+6 Int+3}
   (You found it in an ice cave)

   [ring of ice]

   It enhances your ice magic.
   Str:       It affects your strength (+6).
   Int:       It affects your intelligence (+3).
   rF:        It makes you vulnerable to fire.
   rC:        It protects you from cold.
 S - a ring of protection from cold
 T - a ring of willpower
 Z - a +6 ring of dexterity (left hand)
Wands
 m - a wand of digging (2)
Scrolls
 e - 13 scrolls of teleportation
 u - 3 scrolls of blinking
 x - 5 scrolls of fog
 y - a scroll of enchant armour
 D - a scroll of butterflies
 I - 3 scrolls of fear
 K - a scroll of silence
 Q - 7 scrolls of enchant weapon
 W - 5 scrolls of magic mapping
 X - 4 scrolls of identify
Potions
 c - a potion of ambrosia
 f - 4 potions of haste
 g - 4 potions of attraction
 l - 19 potions of curing
 n - a potion of resistance
 q - 4 potions of might
 B - a potion of heal wounds
 G - 6 potions of mutation
 L - 2 potions of invisibility
 N - a potion of cancellation
 P - 3 potions of magic


   Skills:
 - Level 17.0(22.0) Fighting
 - Level 17.0(22.0) Long Blades
 - Level 13.0(18.0) Ranged Weapons
 - Level 5.0(10.0) Armour
 - Level 10.0(15.0) Dodging
 - Level 5.0(10.0) Shields
 + Level 2.1 Translocations
 - Level 11.0 Invocations


You had 11 spell levels left.
You knew the following spells:

 Your Spells              Type           Power      Damage    Failure   Level
a - Blink                 Tloc           16%        N/A       13%         2
b - Lesser Beckoning      Tloc           16%        N/A       13%         2

Your spell library contained the following spells:

 Spells                   Type           Power      Damage    Failure   Level
 Sandblast                Erth           0%         2d4       21%         1
 Shock                    Conj/Air       0%         1d3       21%         1
 Slow                     Hex            0%         N/A       21%         1
 Momentum Strike          Conj/Tloc      8%         3d8       21%         2
 Cigotuvi's Dreadful Rot  Necr/Pois/Air  0%         N/A       30%         2
 Passwall                 Tmut/Erth      0%         N/A       30%         2
 Portal Projectile        Hex/Tloc       8%         N/A       36%         3
 Vhi's Electric Charge    Tloc/Air       8%         N/A       36%         3
 Volatile Blastmotes      Fire/Tloc      8%         2d10      36%         3
 Confusing Touch          Hex            0%         N/A       52%         3
 Dazzling Flash           Conj/Hex       0%         N/A       52%         3
 Hailstorm                Conj/Ice       0%         3d3       52%         3
 Ignite Poison            Fire/Tmut/Pois 0%         N/A       52%         3
 Stone Arrow              Conj/Erth      0%         3d7       52%         3
 Swiftness                Air            0%         N/A       52%         3
 Vampiric Draining        Necr           0%         2d6       52%         3
 Iskenderun's Mystic Bla  Conj/Tloc      4%         2d3       78%         4
 Airstrike                Air            0%         2d(0-16)  90%         4
 Dispel Undead            Necr           0%         3d6       90%         4
 Leda's Liquefaction      Hex/Erth       0%         N/A       90%         4
 Sticky Flame             Conj/Fire      0%         2d3       90%         4
 Arcjolt                  Conj/Air       0%         1d10      99%         5
 Blade Hands              Tmut           0%         N/A       99%         5
 Metabolic Englaciation   Hex/Ice        0%         N/A       99%         5
 Plasma Beam              Fire/Air       0%         2x1d11    100%        6
 Starburst                Conj/Fire      0%         6d3       100%        6
 Ozocubu's Refrigeration  Ice            0%         4d7       100%        7
 Ignition                 Fire           0%         3d3       100%        8
 Polar Vortex             Ice            0%         N/A       100%        9
 Call Canine Familiar     Summ           Unusable   N/A       N/A         3
 Tukima's Dance           Hex            Unusable   N/A       N/A         3
 Death Channel            Necr           Unusable   N/A       N/A         6
 Simulacrum               Ice/Necr       Unusable   N/A       N/A         6

Dungeon Overview and Level Annotations

Branches:
Dungeon (15/15)            Temple (1/1) D:7            Lair (5/5) D:8
  Swamp (0/4) Lair:2        Snake (0/4) Lair:3          Orc (0/2) D:9
 Vaults (0/5) D:14         Depths (0/4) D:15         Bailey (visited)
  IceCv (visited)         Volcano (visited)
  Slime: Lair:4-5

Altars:
Ashenzari
Cheibriados
Dithmenos
Elyvilon
Fedhas
Gozag
Hepliaklqana
Kikubaaqudgha
Makhleb
Nemelex Xobeh
Okawaru
Qazlal
Ru
Sif Muna
Trog
Uskayaw
Vehumet
Wu Jian
Xom
Yredelemnul
Zin
The Shining One
Beogh

Shops:
D:4 *

Annotations:
D:8 exclusion: electric eel
D:11 2 transporters, Discosetron's ghost, journeyman GnHu
Lair:5 exclusion: oklob plant


Message History

The death yak is lightly wounded.
The komodo dragon completely misses you.
The death yak barely misses you. The death yak gores you!
* * * LOW HITPOINT WARNING * * *
The blink frog closely misses you.
You slice the death yak!! You burn the death yak.
The death yak is moderately wounded.
You block the komodo dragon's attack. The death yak gores you.
* * * LOW HITPOINT WARNING * * *
The death yak misses you. The blink frog barely misses you.
You slice the death yak!! You burn the death yak.
The death yak is severely wounded.
The blink frog hits you!
* * * LOW HITPOINT WARNING * * *
The blink frog blinks!
The blink frog completely misses you.
You slice the death yak!! You burn the death yak!
You kill the death yak!
Okawaru accepts your kill. The death yak misses you.
The komodo dragon bites you.
* * * LOW HITPOINT WARNING * * *
The blink frog blinks!
The blink frog closely misses you.
You slash the death yak! You burn the death yak.
The death yak is almost dead.
The komodo dragon bites you but does no damage.
The death yak completely misses you. The blink frog closely misses you.
You slash the death yak! You burn the death yak.
You kill the death yak!
Okawaru accepts your kill.
The blink frog blinks!
You block the blink frog's attack.
Training target 2.0 for Translocations reached!
Your Translocations skill increases to level 2!
You need to enable at least one skill for training.
You have reached level 16!
You slice the komodo dragon!! You burn the komodo dragon.
The komodo dragon is severely wounded.
The komodo dragon bites you!!
* * * LOW HITPOINT WARNING * * *
You block the blink frog's attack.
You closely miss the blink frog. The komodo dragon bites you!!
You die...

......#### .........##
...........# .
...$...P...# .#
...=......## ...
PP.........# ...
PP.........## ..
.P.P........####.###.P
[/P.......##.†@†....#
..P..........F.l....#
=.P.................#
.PPPP.......#.#......##
.............###§.....#
........................
............F..........)
................F.......
.......................


You could see a komodo dragon and 2 blink frogs.

Vanquished Creatures
  A rockslime (IceCv)
  3 azure jellies (IceCv)
  A very ugly thing (D:15)
  4 quicksilver oozes (IceCv)
  An eleionoma (shapeshifter) (D:15)
  A minotaur (D:14)
  27 slime creatures
  3 rakshasas (D:15)
  A great orb of eyes (D:15)
  A vault guard (D:14)
  5 hydras
  3 two-headed ogres
  An ogre mage (D:11)
  5 centaur warriors
  A catoblepas (Lair:4)
  2 boulder beetles
  12 death yaks
  A hell hog (Volcano)
  A tengu warrior (D:11)
  Amaemon (Lair:2)
  2 skysharks
  A fire crab (Volcano)
  2 orange crystal statues (IceCv)
  A bog body (Lair:2)
  2 wizards
  Pikel (D:4)
  An orc knight (D:15)
  An oklob plant (Lair:1)
  2 deep elf pyromancers
  A necromancer (D:14)
  17 ugly things
  4 cyclopes
  A salamander (Lair:3)
  3 manticores
  3 black mambas
  2 molten gargoyles (Volcano)
  3 torpor snails (Lair:4)
  The ghost of synk the Frost Mage, a novice BaIE (D:5)
  An orange demon (Lair:2)
  2 gargoyles
  2 ice statues (D:14)
  6 yaktaurs
  2 kobold demonologists (D:13)
  9 cane toads
  2 rime drakes
  An efreet (D:13)
  6 komodo dragons
  6 trolls
  A troll (shapeshifter) (D:11)
  3 polar bears
  Prince Ribbit (D:7)
  11 dream sheep
  19 blink frogs
  2 water elementals (D:12)
  Sigmund (D:2)
  2 wraiths
  18 humans (D:14)
  3 steam dragons
  26 yaks
  4 basilisks
  4 wyverns
  2 fire bats (Volcano)
  2 vampire mosquitoes (D:12)
  A human (shapeshifter) (D:14)
  9 water moccasins
  2 hell hounds (Volcano)
  A floating eye (Lair:5)
  23 orc warriors
  3 sky beasts (D:7)
  6 ogres
  2 ice beasts
  2 black bears
  6 great orb of eyes simulacra (IceCv)
  6 wolves
  19 centaurs
  4 slime creature simulacra (IceCv)
  A phantom (D:6)
  5 kobold brigands (D:9)
  8 gnoll sergeants
  14 bullfrogs
  A scorpion (D:7)
  A glowing shapeshifter simulacrum (IceCv)
  A wight (D:7)
  3 howler monkeys
  6 electric eels
  11 lava snakes
  2 hounds (D:5)
  4 quasits (D:5)
  4 jellies
  6 orc priests
  3 sleepcaps
  A gnoll bouda (D:9)
  5 iguanas
  12 orc wizards
  10 adders
  17 gnolls
  A white imp (D:8)
  2 worms
  3 dart slugs
  74 orcs
  7 endoplasms
  2 giant cockroaches (D:1)
  14 goblins
  A hobgoblin (D:4)
  2 quokkas
  9 ball pythons
  6 bats
  2 frilled lizards (D:1)
  22 kobolds
  4 rats
  3 butterflies (Lair:4)
610 creatures vanquished.

Vanquished Creatures (others)
  A wizard (D:14)
  A human (D:14)
  A kobold brigand (D:9)
  A gnoll sergeant (D:8)
  2 howler monkeys (D:8)
  2 gnolls (D:8)
  A bush (Lair:2)
  10 fungi
  36 plants
55 creatures vanquished.

Grand Total: 665 creatures vanquished

Notes
Turn   | Place    | Note
-------+----------+-------------------------------------------
     0 | D:1      | striepan the Hill Orc Monk began the quest for the Orb.
     0 | D:1      | Reached XP level 1. HP: 19/19 MP: 1/1
   146 | D:1      | Reached XP level 2. HP: 20/26 MP: 2/2
   584 | D:1      | Reached XP level 3. HP: 31/31 MP: 3/3
   838 | D:2      | Reached skill level 5 in Long Blades
  1027 | D:2      | Noticed Sigmund
  1039 | D:2      | Killed Sigmund
  1040 | D:2      | Reached XP level 4. HP: 32/39 MP: 4/4
  1040 | D:2      | Reached XP level 5. HP: 36/45 MP: 5/5
  1239 | D:3      | Found an iron altar of Okawaru.
  1272 | D:3      | Became a worshipper of Warmaster Okawaru
  1272 | D:3      | Reached * piety under Okawaru
  1272 | D:3      | Reached ** piety under Okawaru
  1315 | D:3      | Found an ancient bone altar of Kikubaaqudgha.
  1342 | D:3      | Reached XP level 6. HP: 52/52 MP: 6/6
  1368 | D:3      | Reached skill level 1 in Invocations
  1392 | D:3      | Found a snail-covered altar of Cheibriados.
  1589 | D:3      | Found a glowing silver altar of Zin.
  1721 | D:3      | Found a sparkling altar of Nemelex Xobeh.
  1938 | D:4      | Noticed Pikel
  1948 | D:4      | HP: 2/52 [goblin/+0 club (3)]
  1978 | D:4      | Found a radiant altar of Vehumet.
  1978 | D:4      | Found a stormy altar of Qazlal.
  2065 | D:4      | Killed Pikel
  2065 | D:4      | Reached *** piety under Okawaru
  2066 | D:4      | Reached skill level 5 in Invocations
  2066 | D:4      | Reached skill level 5 in Fighting
  2066 | D:4      | Reached XP level 7. HP: 28/61 MP: 8/10
  2287 | D:4      | Found Ijoagoamn's Serpentskin Sales.
  2299 | D:4      | Reached XP level 8. HP: 50/68 MP: 11/11
  2340 | D:5      | Entered Level 5 of the Dungeon
  2356 | D:5      | Found a transporter.
  2519 | D:5      | Noticed synk's ghost (novice BaIE)
  2557 | D:5      | Found a transporter.
  2899 | D:6      | Found a broken altar of Ashenzari.
  3313 | D:6      | Found an opulent altar of Gozag.
  3377 | D:7      | Reached **** piety under Okawaru
  3400 | D:7      | Noticed Prince Ribbit
  3419 | D:7      | Killed Prince Ribbit
  3420 | D:7      | Reached XP level 9. HP: 62/79 MP: 5/12
  3443 | D:7      | Received a gift from Okawaru
  3485 | D:7      | Reached skill level 10 in Long Blades
  3512 | D:7      | Reached skill level 5 in Dodging
  3576 | D:7      | Found a flagged portal.
  3602 | Bailey   | Entered a bailey
  3893 | Bailey   | Reached XP level 10. HP: 74/91 MP: 5/14
  4546 | D:7      | Reached skill level 10 in Fighting
  4583 | D:7      | Found a white marble altar of Elyvilon.
  4660 | D:7      | Found a staircase to the Ecumenical Temple.
  4672 | Temple   | Entered the Ecumenical Temple
  4862 | D:7      | Found a basalt altar of Yredelemnul.
  5089 | D:5      | Killed synk's ghost
  5228 | D:8      | Noticed a death yak
  5277 | D:8      | Found a staircase to the Lair.
  5288 | D:8      | Noticed a death yak
  5328 | D:8      | Killed a death yak
  5328 | D:8      | Reached ***** piety under Okawaru
  5349 | D:8      | Noticed a death yak
  5367 | D:8      | Killed a death yak
  5367 | D:8      | Received a gift from Okawaru
  5368 | D:8      | Reached XP level 11. HP: 84/104 MP: 15/17
  5380 | D:8      | Killed a death yak
  5659 | D:8      | Found a shimmering altar of Xom.
  6933 | D:9      | Found a shimmering blue altar of Sif Muna.
  7040 | D:9      | Found a hide-covered altar of Uskayaw.
  7185 | D:9      | Found a staircase to the Orcish Mines.
  7263 | D:9      | Identified the +6 great sword "Isoipucw" {flame, rC+ Will+
                  | Int+3 Dex-4} (Okawaru gifted it to you on level 9 of the
                  | Dungeon)
  7263 | D:9      | Received a gift from Okawaru
  7362 | D:10     | Entered Level 10 of the Dungeon
  7425 | D:10     | Reached skill level 1 in Shields
  7845 | D:10     | Noticed a two-headed ogre
  7853 | D:10     | Killed a two-headed ogre
  8079 | D:10     | Reached XP level 12. HP: 113/113 MP: 18/18
  8243 | D:10     | Found a roughly hewn altar of Beogh.
  8495 | D:11     | Identified the +0 scale mail of Truth {Str+5}
  8567 | D:11     | Received a gift from Okawaru
  8701 | D:11     | Reached skill level 1 in Armour
  8707 | D:11     | Noticed a tengu warrior
  8731 | D:11     | Killed a tengu warrior
  8795 | D:11     | Found the +6 shillelagh "Devastator" {shatter}
  8818 | D:11     | Noticed a two-headed ogre
  8825 | D:11     | Killed a two-headed ogre
  8908 | D:11     | Noticed an ogre mage
  8912 | D:11     | Killed an ogre mage
  8919 | D:11     | Reached skill level 15 in Fighting
  8979 | D:11     | Found a transporter.
  8979 | D:11     | Noticed Discosetron's ghost (journeyman GnHu)
  8996 | D:11     | Noticed a six-headed hydra
  9015 | D:11     | Found a transporter.
  9062 | D:11     | Noticed a boulder beetle
  9062 | D:11     | Noticed a centaur warrior
  9075 | D:11     | Killed a centaur warrior
  9081 | D:11     | Killed a boulder beetle
  9352 | D:11     | Noticed a centaur warrior
  9379 | D:11     | Received a gift from Okawaru
  9406 | D:11     | Killed a centaur warrior
  9418 | D:11     | Identified the staff of death "Toteha" {rN+ Str+6 Dex+2}
  9533 | D:12     | Noticed a two-headed ogre
  9540 | D:12     | Killed a two-headed ogre
 10172 | D:13     | Reached XP level 13. HP: 132/132 MP: 20/20
 10187 | D:13     | Reached skill level 10 in Invocations
 10294 | D:13     | Reached skill level 5 in Shields
 10604 | D:13     | Reached ****** piety under Okawaru
 10604 | D:13     | Identified the +2 pair of boots "Zopneal" {rPois rF+ Str-4}
                  | (Okawaru gifted it to you on level 13 of the Dungeon)
 10604 | D:13     | Received a gift from Okawaru
 10610 | D:13     | Reached skill level 5 in Armour
 11122 | D:14     | Found a frozen archway.
 11224 | IceCv    | Entered an ice cave
 11575 | IceCv    | Noticed an azure jelly
 11586 | IceCv    | Reached skill level 10 in Dodging
 11604 | IceCv    | Noticed a quicksilver ooze
 11624 | IceCv    | Killed a quicksilver ooze
 11900 | IceCv    | Noticed a quicksilver ooze
 11911 | IceCv    | Killed a quicksilver ooze
 11920 | IceCv    | Noticed an azure jelly
 11931 | IceCv    | Killed an azure jelly
 11931 | IceCv    | Noticed an azure jelly
 11932 | IceCv    | Reached skill level 15 in Long Blades
 11937 | IceCv    | Noticed a rockslime
 11940 | IceCv    | Noticed an azure jelly
 11942 | IceCv    | Killed an azure jelly
 11952 | IceCv    | Killed a rockslime
 11962 | IceCv    | Killed an azure jelly
 11962 | IceCv    | Received a gift from Okawaru
 11962 | IceCv    | Found the +6 arbalest "Damnation" {damnation}
 11963 | IceCv    | Reached XP level 14. HP: 22/140 MP: 8/22
 12265 | IceCv    | Found a viscous altar of Jiyva.
 12458 | IceCv    | Noticed a quicksilver ooze
 12465 | IceCv    | Killed a quicksilver ooze
 12501 | IceCv    | Noticed a quicksilver ooze
 12508 | IceCv    | Killed a quicksilver ooze
 12755 | IceCv    | Got the Vellum of Hypothermia
 12759 | IceCv    | Got the ring "Plog" {Ice Str+6 Int+3}
 13222 | D:14     | Reached skill level 1 in Ranged Weapons
 13506 | D:14     | Found a gate to the Vaults.
 13613 | D:14     | Got the -2 pair of gloves "Vismizof" {rElec rC+ SInv}
 13632 | D:14     | Found the +18 Lear's hauberk
 13695 | D:15     | Entered Level 15 of the Dungeon
 13933 | D:15     | Found a hazy altar of Hepliaklqana.
 13947 | D:15     | Reached skill level 5 in Ranged Weapons
 13947 | D:15     | Received a gift from Okawaru
 14603 | D:15     | Noticed a cyan very ugly thing
 14641 | D:15     | Killed a cyan very ugly thing
 14862 | D:15     | Noticed an eleionoma
 14866 | D:15     | Killed an eleionoma
 14920 | D:15     | Found a staircase to the Depths.
 15143 | Lair:1   | Entered Level 1 of the Lair of Beasts
 15148 | Lair:1   | Reached XP level 15. HP: 147/147 MP: 23/23
 15293 | Lair:1   | Identified the +5 quarterstaff "Ysaoxionwu" {heavy, Dex+6}
 15996 | Lair:2   | Found a staircase to the Swamp.
 16147 | Lair:2   | Found a dark tunnel.
 16180 | Volcano  | Entered a volcano
 16506 | Volcano  | Found a bloodstained altar of Trog.
 16522 | Volcano  | Received a gift from Okawaru
 16523 | Volcano  | Reached skill level 10 in Ranged Weapons
 17131 | Lair:2   | Noticed Amaemon
 17140 | Lair:2   | Killed Amaemon
 17725 | Lair:3   | Received a gift from Okawaru
 18044 | Lair:3   | Found a staircase to the Snake Pit.
 19164 | Lair:3   | Found a staircase to the Snake Pit.
 19459 | Lair:4   | Identified a scroll of acquirement
 19460 | Lair:4   | Acquired the +2 pair of gloves of Plasticity {Regen+ Dex+5
                  | Slay-4}
 19865 | Lair:5   | Entered Level 5 of the Lair of Beasts
 19877 | Lair:4   | Received a gift from Okawaru
 19914 | Lair:4   | Learned a level 2 spell: Blink
 19917 | Lair:4   | Learned a level 2 spell: Lesser Beckoning
 20031 | Lair:5   | Reached skill level 1 in Translocations
 20037 | Lair:5   | Reached XP level 16. HP: 38/155 MP: 24/24
 20038 | Lair:5   | Slain by a komodo dragon

Illustrated notes

Levels and vault maps discovered:
D:1:      matt_arrival_refuge, layout_loops_cross
D:2:      layout_rooms, dk_noncrumbling_4, uniq_sigmund
D:3:      layout_rooms, kennysheep_slug_shrine, mainiacjoe_overflow_alcove_1,
          zin_academy, mainiacjoe_overflow_tiny_flanked, okawaru_gym_becter,
          serial_forest, infiniplex_forest_clump_long,
          infiniplex_forest_lined_2, infiniplex_forest_clump_double,
          infiniplex_forest_3_way, infiniplex_forest_clump_long,
          infiniplex_forest_lined_1, infiniplex_forest_lined_2,
          infiniplex_forest_zigzag_1
D:4:      layout_basic, chequers_temple_overflow_statue_of_worship,
          guppyfry_shop_venom, uniq_pikel
D:5:      layout_basic, gammafunk_ghost_stat_death
D:6:      layout_loops_ring, evilmike_ruin_ashenzari, kennysheep_little_box
D:7:      layout_rooms, elyvilon_altar_5, mainiacjoe_overflow_alcove_2,
          minmay_temple_entry_glassed_door, enter_bailey_5, chequers_jeans,
          chequers_arboretum, minmay_fractal_squares_5, uniq_prince_ribbit1
D:8:      layout_basic, general_overflow_altar, dpeg_lair_monsters,
          kennysheep_crisscross, minivault_1,
          amcnicky_mini_rare_corridor_liquid, grunt_ministairs_9, hex_tiny,
          minmay_crystal_water, lemuel_flamethrower_2
D:9:      layout_basic, nicolae_sif_muna_little_library,
          nicolae_uskayaw_dance_hall, kennysheep_orc_monster_closet_entryway,
          hangedman_decor_riveting
D:10:     layout_rooms, special_room [special_room_orc]
D:11:     minmay_tri_box, layout_basic, gammafunk_ghost_berserking_beasts
D:12:     layout_roguey, serial_bayou, serial_bayou_pond_d, serial_bayou_ford_a,
          serial_bayou_pond_e, serial_bayou_shore_a
D:13:     layout_cave_pools
D:14:     layout_irregular_city, grunt_vaults_entry_tiered, minivault_19,
          portal_ice_cave_entry_ice_statue_two, small_statue_intersection,
          chequers_serial_rivers_small_a, hellmonk_guarded_unrand_lears
D:15:     gammafunk_enter_depths_forms, layout_gridville,
          minmay_stone_trees_small, nicolae_hepliaklqana_hazy_memory
Temple:   hellmonk_temple_forest_ring
Lair:1:   layout_cave_pods, minmay_lair_oklob_items
Lair:2:   layout_loops_ring, skrybe_swamp_entry_bodies,
          nicolae_volcano_entry_two_sided, serial_bayou_shore_b, uniq_amaemon
Lair:3:   layout_roguey, nicolae_snake_entry_warm_welcome,
          infiniplex_staircase_pool, lemuel_fruit_fields
Lair:4:   layout_big_grid, lemuel_fruit_fields
Lair:5:   gammafunk_lair_ancient_temple, layout_gridlike,
          nicolae_slime_entry_field_trip, lookout_lair_type,
          chequers_serial_rivers_large_b, disabler_island

Skill      XL: |  1  2  3  4  5  6  7  8  9 10 11 12 13 14 15 |
---------------+----------------------------------------------+-----
Long Blades    | 4 6 7 9 10 13 14 15 17 | 17.0
Invocations    | 5 8 9 11 | 11.0
Fighting       | 5 7 9 12 17 | 17.0
Dodging        | 4 6 8 9 10 | 10.0
Shields        | 1 2 5 |  5.0
Armour         | 3 5 |  5.0
Ranged Weapons | 8 13 | 13.0
Translocations | 2 |  2.1

Action                     |  1- 3 |  4- 6 |  7- 9 | 10-12 | 13-15 | 16-18 || total
---------------------------+-------+-------+-------+-------+-------+-------++-------
  Melee: Falchion          |    82 |       |       |       |       |       ||    82
         Long sword        |     9 |    89 |    83 |       |       |       ||   181
         Scimitar          |       |       |   188 |   420 |    10 |       ||   618
         Great sword       |       |       |       |   221 |   589 |     2 ||   812
   Fire: Arbalest          |       |       |       |       |   196 |       ||   196
  Throw: Boomerang         |       |       |     1 |       |       |       ||     1
         Stone             |       |       |       |     3 |       |       ||     3
         Javelin           |       |       |       |       |    16 |       ||    16
 Invoke: Heroism           |       |     1 |     6 |    12 |     8 |       ||    27
         Finesse           |       |       |     2 |     2 |     1 |       ||     5
    Use: Scroll            |     2 |     1 |    11 |    11 |    12 |       ||    37
         Potion            |       |       |     1 |       |     2 |       ||     3
   Stab: Sleeping          |       |       |       |       |     2 |       ||     2
 Armour: Robe              |     7 |       |       |       |       |       ||     7
         Troll leather arm |    14 |    26 |    73 |    97 |    55 |       ||   265
         Scale mail        |       |       |       |       |    97 |       ||    97
         Chain mail        |       |       |       |       |     6 |       ||     6
         Ring mail         |       |       |       |       |     5 |       ||     5
         Steam dragon scal |       |       |       |       |     4 |       ||     4
  Dodge: Dodged            |    40 |    61 |   263 |   550 |   458 |       ||  1372
  Block: Orb               |       |       |       |    31 |       |       ||    31
         Reflection        |       |       |       |     7 |    10 |       ||    17
         Kite shield       |       |       |       |    59 |       |       ||    59
         Buckler           |       |       |       |    29 |     3 |       ||    32
         Other             |       |       |       |    49 |   129 |     1 ||   179
